AoeStats
← ska_18

Nomad

509079874Analyzed
3v3 RM · 6d ago on Sep 25, 2026· 50m 51s· 6 players
Game mode
Random Map
Map size
210×210
Population
200
Speed
Normal
Resources
Standard
Victory
Conquest
Starting age
Dark Age
Ending age
Imperial Age
RankedLock teamsTeams togetherTeam positionsShared explorationLock speedFull tech treeHidden civsTurbo modeCheats
Victory
Defeat
🇦🇹 Saracens · Austria
910
+12
🇿🇦 Bulgarians · South Africa
904
+13
🇬🇧 Spanish · United Kingdom
846
+15
🇪🇸 Vietnamese · Spain
923
-17
🇪🇸 Huns · Spain
803
-12
🇪🇸 Burgundians · Spain
762
-11
Louis Theroux
9:22 Loom
17:20 Feudal Age
21:07 Castle Age
19:03 Stone Mining
18:57 Horse Collar
19:19 Double-Bit Axe
20:14 Fishing Lines
28:00 Bow Saw
30:38 Heavy Plow
33:36 Imperial Age
32:36 Elite Skirmisher
35:01 Conscription
35:36 Wheelbarrow
36:17 Elite Conquistador
38:06 Pikeman
39:25 Bloodlines
38:36 Light Cavalry
39:16 Husbandry
39:23 Fletching
39:34 Padded Archer Armor
39:44 Forging
40:48 Hand Cart
40:18 Town Watch
40:44 Thumb Ring
41:23 Halberdier
42:04 Squires
43:39 Two-Man Saw
42:13 Hussar
44:18 Chemistry
45:04 Leather Archer Armor
44:44 Bodkin Arrow
44:50 Scale Mail Armor
47:51 Bracer
48:21 Ring Archer Armor
48:28 Ballistics
50:57 Iron Casting
50:28 Scale Barding Armor
ska_18
3:23 Loom
15:01 Feudal Age
17:13 Double-Bit Axe
17:53 Fishing Lines
20:36 Castle Age
19:23 Horse Collar
19:34 Gold Mining
19:34 Stone Mining
23:28 Bow Saw
24:00 Wheelbarrow
23:10 Town Watch
24:49 Gillnets
25:45 Fletching
26:23 Hand Cart
27:01 Heavy Plow
27:37 Gold Shaft Mining
29:17 Forging
29:03 Bodkin Arrow
29:13 Scale Barding Armor
31:01 Town Patrol
32:50 Fervor
33:01 Sanctity
35:20 Iron Casting
35:05 Chain Barding Armor
35:30 Murder Holes
39:20 Imperial Age
37:26 Ballistics
37:17 Fortified Wall
38:09 Masonry
38:21 Medium Warships
39:45 Bimaristan
41:05 Chemistry
40:44 Hoardings
41:40 Conscription
40:41 Elite Mameluke
42:22 Blast Furnace
42:03 Plate Barding Armor
42:53 Bloodlines
42:43 Husbandry
42:04 Light Cavalry
43:50 Bracer
44:13 Careening
44:13 Clinker Construction
44:11 Caravan
45:36 Coinage
47:37 Banking
48:14 Hussar
49:07 Siege Engineers
51:22 Carvel Hull
51:24 Dry Dock
Hondkop
3:00 Loom
16:24 Feudal Age
25:38 Castle Age
32:45 Fletching
32:55 Padded Archer Armor
34:18 Bodkin Arrow
37:17 Elite Skirmisher
39:15 Forging
39:12 Scale Barding Armor
46:00 Horse Collar
46:10 Double-Bit Axe
47:04 Heavy Plow
47:16 Bow Saw
51:40 Imperial Age
49:46 Wheelbarrow
minipliego
4:27 Loom
16:41 Feudal Age
21:51 Castle Age
25:09 Fletching
26:18 Padded Archer Armor
35:06 Bodkin Arrow
36:47 Ballistics
37:43 Wheelbarrow
37:00 Double-Bit Axe
37:11 Gold Mining
42:46 Pikeman
43:28 Squires
43:38 Husbandry
46:26 Leather Archer Armor
46:16 Scale Barding Armor
RPOVEDA
10:04 Double-Bit Axe
15:04 Feudal Age
15:11 Fishing Lines
16:56 Bow Saw
17:05 Gold Mining
18:22 Stone Mining
20:40 Gillnets
21:18 Forging
21:13 Scale Barding Armor
28:19 Castle Age
34:55 Two-Man Saw
35:04 Demolition Ship
35:54 Medium Warships
37:23 Wheelbarrow
47:53 Imperial Age
46:31 Ballistics
51:04 Chemistry
Posmiradagusto
11:15 Loom
14:28 Feudal Age
15:43 Double-Bit Axe
15:50 Town Watch
16:30 Horse Collar
19:22 Scale Barding Armor
21:07 Wheelbarrow
22:09 Forging
26:27 Castle Age
25:40 Padded Archer Armor
25:31 Fletching
25:43 Gold Mining
27:41 Bow Saw
27:50 Thumb Ring
28:10 Bodkin Arrow
28:32 Leather Archer Armor
28:30 Heavy Plow
32:17 Hand Cart
32:35 Ballistics
34:03 Stone Mining
33:53 Elite Skirmisher
35:08 Treadmill Crane
40:53 Imperial Age
42:11 Ring Archer Armor
41:04 Imperial Skirmisher
41:47 Bracer
42:50 Chemistry
45:57 Pikeman
46:39 Squires
46:42 Scale Mail Armor
47:17 Iron Casting
47:55 Bloodlines
47:46 Husbandry
47:07 Light Cavalry
48:34 Chain Mail Armor
48:41 Chain Barding Armor
Connection lost

Rejoining the realm…

Still unreachable

The connection could not be restored.

Session expired

The server has moved on; the page needs a fresh start.